Match 37974142
Unlisted

Match 37974142
End
Construct Section Command Post
Infantry Section
Infantry Section
Infantry Section
Vickers Machine Gun Team
Construct Platoon Command Post
Humber Armored Car
Construct Field Infirmary
Selects Heavy Armor Battlegroup
Selects Engineer Detachments
Selects Rigorous Vehicle Training
Vickers Machine Gun Team
Infantry Training
Infantry Section
Selects Crusader AA Medium Tank
6-pounder Anti-tank Gun Team
Royal Engineer Section
Crusader AA Medium Tank
Selects UNKNOWN (2162094)
Selects Light Vehicle Withdraw and Refit
Selects Radio Net
Selects Designate Targets
Selects UNKNOWN (2162094)
6-pounder Anti-tank Gun Team
sword_crusher
Fredboy3000
0
0

Comments sign in to comment!

No comments posted yet!